 Dungeon Crawl Stone Soup version 0.31-a0-744-gbc345e7fcb (webtiles) character file.

Game seed: 5026857184729761352

1794 freelancePsychic the Cutter (level 9, -14/65 HPs)
             Began as a Djinni Shapeshifter on Sept 13, 2023.
             Was a Priest of Okawaru.
             Demolished by an orc
             ... wielding a +2 dagger of electrocution
              (20 damage)
             ... on level 6 of the Dungeon.
             The game lasted 00:11:02 (5328 turns).

freelancePsychic the Cutter (Djinni Shapeshifter)   Turns: 5328, Time: 00:11:03

Health: -14/65     AC:  2    Str: 13    XL:     9   Next: 30%
Gold:   186        EV: 12    Int: 16    God:    Okawaru [***...] SH:  0 Dex: 13

rFire   + + .        b - +7 dagger "Ipuit" {flame, +Blink rC- SInv}
rCold   x x .        (no shield)
rNeg    . . .        a - +0 animal skin
rPois   ∞            (helmet currently unavailable)
rElec   .            (cloak currently unavailable)
rCorr   .            (gloves currently unavailable)
SInv    +            (boots unavailable)
Will    .....        (no amulet)
Stlth   +            r - ring of see invisible
HPRegen 0.30/turn    (no ring)
MPRegen 0.00/turn

%: infuse magic (-15 HP)
@: beast-form, weak-willed, jinxed, flying, very slightly contaminated, studying
Maces & Flails
A: beast (slay +2), flying, sickness immunity, fire resistance 2, cold
vulnerability 1, float, innate caster, HP casting, extra vitality 1
a: Begin Untransformation, Renounce Religion, Evoke Blink, Heroism


You were on level 6 of the Dungeon.
You worshipped Okawaru.
Okawaru was most pleased with you.
You were a hulking beast.
You visited 1 branch of the dungeon, and saw 6 of its levels.

You collected 186 gold pieces.

Inventory:

Hand Weapons
 b - the +7 dagger "Ipuit" (weapon) {flame, +Blink rC- SInv}
   (You took it off an orc wizard on level 3 of the Dungeon)

   rC-:       It makes you vulnerable to cold.
   SInv:      It lets you see invisible.
   +Blink:    It lets you blink.
 i - a +2 dagger of speed
Missiles
 j - 2 throwing nets
Armour
 a - a +0 animal skin (worn)
 e - a +0 pair of gloves
Jewellery
 r - a ring of see invisible (left hand)
Talismans
 c - a beast talisman (active)
 d - a flux talisman
Wands
 s - a wand of quicksilver (3)
 t - a wand of roots (12)
Scrolls
 h - a scroll of silence {unknown}
 o - a scroll of fog {unknown}
 p - a scroll of vulnerability {unknown}
 q - 3 scrolls of immolation {unknown}
 u - 2 scrolls of identify {@r1}
 v - a scroll of enchant armour {unknown}
Potions
 f - 2 potions of attraction
 g - a potion of haste {@q3}
 k - a potion of magic
 l - a potion of heal wounds {@q2}
 m - 2 potions of resistance
 n - a potion of mutation {unknown}


   Skills:
 + Level 5.5 Fighting
 * Level 6.0 Short Blades
 - Level 2.1 Dodging
 - Level 3.5 Unarmed Combat
 * Level 3.3 Spellcasting
 * Level 3.3 Conjurations
 * Level 3.3 Hexes
   Level 0.0 Charms
 * Level 3.3 Summonings
 * Level 3.3 Necromancy
 * Level 3.3 Translocations
 * Level 3.3 Transmutations
 * Level 3.3 Fire Magic
 * Level 3.3 Ice Magic
 * Level 3.3 Air Magic
 * Level 3.3 Earth Magic
 * Level 3.3 Poison Magic
 - Level 3.0 Invocations
 - Level 4.3 Shapeshifting


You knew the following spells:

 Your Spells              Type           Power      Damage    Failure   Level
a - Sandblast             Erth           26%        2d8       4%          1
b - Wereblood             Tmut           13%        N/A       7%          2
c - Jinxbite              Hex            26%        N/A       7%          2
d - Stone Arrow           Conj/Erth      26%        3d8       14%         3
Your spell library was empty.

Dungeon Overview and Level Annotations

Branches:
Dungeon (6/15)             Temple (0/1) D:6

Altars:
Ashenzari
Fedhas
Makhleb
Okawaru
Trog
Xom

Shops:
D:1 (

Annotations:
D:4 Eustachio
D:5 exclusion: wyvern


Innate Abilities, Weirdness & Mutations

You are a hulking beast.
Your limbs bulge with bestial killing power. (Slay +2)
You are flying.
You are immune to sickness and miasma.
You are immune to poison.
Your flesh is very heat resistant. (rF++)
You are vulnerable to cold. (rC-)
You float through the air rather than walking.
You learn spells naturally, not from books.
Your magical power is your life essence.
You have superior vitality. (+4 MHP)


Message History

You closely miss the orc.
A giggling sprite leaps out and makes the orc trip over its own feet.
The orc is severely wounded.
You hit the orc. You burn the orc.
You kill the orc!
Okawaru accepts your kill. The orc hits you with a +0 whip.
Your Short Blades skill increases to level 6!
You hit the orc. You burn the orc.
The orc is moderately wounded.
The orc hits you with a +0 flail.
* * * LOW HITPOINT WARNING * * *
The orc hits you with a +0 whip.
* * * LOW HITPOINT WARNING * * *
You hit the orc. You burn the orc.
You kill the orc!
Okawaru accepts your kill.
Casting: Jinxbite (safe; 7% risk of failure)
Confirm with . or Enter, or press ? or * to list all spells.
Aiming: Sandblast (safe; 4% risk of failure)
Press: ? - help, Shift-Dir - straight line, f - orc
Aim: an orc, wielding a +2 dagger of electrocution, wearing a +0 ring mail and quivering stones (almost dead, chance to call a sprite on attack: 64%, 84% to hit)
The blast of sand misses the orc.
* * * LOW HITPOINT WARNING * * *
The orc throws a boomerang.
The boomerang closely misses you.
Casting: Sandblast (safe; 4% risk of failure)
Confirm with . or Enter, or press ? or * to list all spells.
Aiming: Sandblast (safe; 4% risk of failure)
Press: ? - help, Shift-Dir - straight line, f/p - orc
Aim: an orc, wielding a +2 dagger of electrocution, wearing a +0 ring mail and quivering stones (almost dead, chance to call a sprite on attack: 64%, 84% to hit)
You miscast Sandblast.
You are very lightly contaminated with residual magic.
Nothing appears to happen.
* * * LOW HITPOINT WARNING * * *
The orc hits you with a +0 whip.
* * * LOW HITPOINT WARNING * * *
The orc hits you with a +2 dagger of electrocution.
* * * LOW HITPOINT WARNING * * *
You are electrocuted!!
You die...

# #....#
..###....#
.........#####.#
........).......
#.....# #.#.....#
#......)#
##.####o#
#....oh# ##....##
#.. ##.#†## #.#
##### #.#..# #.#
######....
..##)###.#
#.......#. ###
#..##.#
#.######..
##.##.#
#.#.#..... #.)#.#
#...#.##(#
##...###...#.##.#


You could see 2 orcs.

Vanquished Creatures
  Pikel (D:5)
  A water moccasin (D:5)
  2 ice beasts (D:5)
  2 ogres (D:6)
  A centaur (D:5)
  A phantom (D:5)
  A bullfrog (D:6)
  A scorpion (D:4)
  2 hounds
  2 jellies
  6 orc priests
  3 orc wizards
  3 gnolls (D:5)
  6 adders
  A shadow imp (D:6)
  2 white imps
  An ufetubus (D:5)
  A worm (D:2)
  4 dart slugs
  18 orcs
  5 endoplasms
  A giant cockroach (D:2)
  10 goblins
  6 hobgoblins
  7 jackals (D:1)
  6 kobolds
  4 quokkas
  5 ball pythons
  7 bats (D:2)
  2 frilled lizards
  3 rats
115 creatures vanquished.

Vanquished Creatures (others)
  A wizard (D:3)
1 creature vanquished.

Grand Total: 116 creatures vanquished

Notes
Turn   | Place    | Note
-------+----------+-------------------------------------------
     0 | D:1      | freelancePsychic the Djinni Shapeshifter began the quest
                  | for the Orb.
     0 | D:1      | Reached XP level 1. HP: 17/17 MP: 0/0
   176 | D:1      | Reached XP level 2. HP: 14/22 MP: 0/0
   426 | D:1      | Found Zihun's Weapon Boutique.
   438 | D:1      | Reached XP level 3. HP: 27/27 MP: 0/0
   438 | D:1      | Learned a level 1 spell: Sandblast
   764 | D:2      | Found a faded altar of an unknown god.
   767 | D:2      | Prayed at the altar of an unknown god.
   767 | D:2      | Became a worshipper of Warmaster Okawaru
   767 | D:2      | Reached * piety under Okawaru
  1194 | D:2      | Reached XP level 4. HP: 29/33 MP: 0/0
  1714 | D:3      | Reached skill level 1 in Invocations
  1763 | D:3      | Reached XP level 5. HP: 38/38 MP: 0/0
  1763 | D:3      | Learned a level 2 spell: Wereblood
  1967 | D:3      | Found a bloodstained altar of Trog.
  1970 | D:3      | Noticed a wizard
  1976 | D:3      | Killed a wizard
  1997 | D:3      | Reached XP level 6. HP: 40/45 MP: 0/0
  2480 | D:3      | Identified the +7 dagger "Ipuit" {flame, +Blink rC- SInv}
  2650 | D:3      | Found a burning altar of Makhleb.
  3207 | D:4      | Noticed Eustachio
  3315 | D:4      | Identified the +5 dagger of Neliklot {freeze, Stlth+}
  3417 | D:4      | Found a blossoming altar of Fedhas.
  3589 | D:4      | Reached ** piety under Okawaru
  3590 | D:4      | Reached skill level 1 in Short Blades
  3590 | D:4      | Reached XP level 7. HP: 38/50 MP: 0/0
  3590 | D:4      | Learned a level 2 spell: Jinxbite
  3718 | D:5      | Entered Level 5 of the Dungeon
  3756 | D:5      | Noticed a wyvern
  3879 | D:5      | Noticed Pikel
  3900 | D:5      | Killed Pikel
  3901 | D:5      | Reached skill level 3 in Short Blades
  3901 | D:5      | Reached skill level 1 in Spellcasting
  3901 | D:5      | Reached skill level 1 in Conjurations
  3901 | D:5      | Reached skill level 1 in Hexes
  3901 | D:5      | Reached skill level 1 in Summonings
  3901 | D:5      | Reached skill level 1 in Necromancy
  3901 | D:5      | Reached skill level 1 in Translocations
  3901 | D:5      | Reached skill level 1 in Transmutations
  3901 | D:5      | Reached skill level 1 in Fire Magic
  3901 | D:5      | Reached skill level 1 in Ice Magic
  3901 | D:5      | Reached skill level 1 in Air Magic
  3901 | D:5      | Reached skill level 1 in Earth Magic
  3901 | D:5      | Reached skill level 1 in Poison Magic
  3901 | D:5      | Reached XP level 8. HP: 8/58 MP: 0/0
  4246 | D:5      | Reached *** piety under Okawaru
  4247 | D:5      | Reached skill level 4 in Short Blades
  4533 | D:5      | Found a shimmering altar of Xom.
  4692 | D:5      | Reached skill level 5 in Short Blades
  4843 | D:5      | Reached skill level 5 in Fighting
  4843 | D:5      | Reached XP level 9. HP: 59/65 MP: 0/0
  4843 | D:5      | Learned a level 3 spell: Stone Arrow
  4862 | D:5      | Found a broken altar of Ashenzari.
  5064 | D:6      | Found a staircase to the Ecumenical Temple.
  5324 | D:6      | Reached skill level 6 in Short Blades
  5328 | D:6      | Demolished by an orc

Illustrated notes

Levels and vault maps discovered:
D:1:      matt_arrival_refuge, layout_loops_cross, serial_shops, shop,
          columned_hall_lemuel
D:2:      layout_loops_cross, nicolae_ecumenical_oubliette
D:3:      layout_basic, general_overflow_altar, trog_wizard,
          chequers_serial_rivers_marsh, minmay_door_square,
          minmay_misc_feat_encased
D:4:      layout_loops_ring, fedhas_altar_4, minmay_stone_trees_small,
          uniq_eustachio
D:5:      layout_loops_ring, lemuel_coloured_pillars_altar,
          grunt_temple_overflow_open, eino_curves_04, minmay_manual_mess,
          uniq_pikel
D:6:      layout_basic, minmay_temple_entry_ruins, kennysheep_nub,
          uniq_blork_the_orc

Skill      XL: |  1  2  3  4  5  6  7  8  9 |
---------------+----------------------------+-----
Shapeshifting  | 3 4 |  4.3
Fighting       | 2 3 4 5 |  5.5
Invocations    | 1 2 3 |  3.0
Short Blades   | 1 3 5 6 |  6.0
Spellcasting   | 1 2 3 |  3.3
Conjurations   | 1 2 3 |  3.3
Hexes          | 1 2 3 |  3.3
Summonings     | 1 2 3 |  3.3
Necromancy     | 1 2 3 |  3.3
Translocations | 1 2 3 |  3.3
Transmutations | 1 2 3 |  3.3
Fire Magic     | 1 2 3 |  3.3
Ice Magic      | 1 2 3 |  3.3
Air Magic      | 1 2 3 |  3.3
Earth Magic    | 1 2 3 |  3.3
Poison Magic   | 1 2 3 |  3.3
Dodging        | |  2.1
Unarmed Combat | |  3.5

Action                     |  1- 3 |  4- 6 |  7- 9 || total
---------------------------+-------+-------+-------++-------
  Melee: Unarmed           |    48 |       |       ||    48
         Dagger            |    81 |   258 |    90 ||   429
         Punch             |       |    10 |     3 ||    13
   Cast: Jinxbite          |       |       |     6 ||     6
         Sandblast         |       |       |    14 ||    14
 Invoke: Heroism           |       |     3 |     4 ||     7
  Evoke: Wand              |       |       |     7 ||     7
    Use: Scroll            |       |     6 |       ||     6
         Potion            |       |     4 |       ||     4
   Stab: Sleeping          |     2 |     4 |       ||     6
 Armour: Animal skin       |    44 |    77 |    46 ||   167
         Skin              |       |    24 |       ||    24
  Dodge: Dodged            |    67 |   133 |    55 ||   255

Table legend: (Time is in decaauts)
 A = Elapsed time spent in this place.
 B = Non-inter-level travel time spent in this place.
 C = Inter-level travel time spent in this place.
 D = Time resting spent in this place.
 E = Time spent auto-exploring this place.
 F = Levels seen in this place.
 G = Mean time per level.
                   A        B        C        D        E       F      G
               +--------+--------+--------+--------+--------+-----+--------+
         Total |   5191 |   4990 |    201 |     44 |   4044 |   6 |  865.2 |
       Dungeon |   5191 |   4990 |    201 |     44 |   4044 |   6 |  865.2 |
               +--------+--------+--------+--------+--------+-----+--------+

Top non-repeatable levels by time:
     D:5: 1318 daAuts
     D:3: 1202 daAuts
     D:2: 830 daAuts
     D:4: 788 daAuts
     D:1: 778 daAuts
     D:6: 273 daAuts
